 Dungeon Crawl Stone Soup version 0.32-a0-747-gc8563f6773 (webtiles) character file.

Game seed: 7787467276011403970

114 scottley the Sneak (level 4, 23/23 HPs)
             Began as a Spriggan Brigand on Mar 17, 2024.
             Quit the game on level 3 of the Dungeon.
             The game lasted 00:19:23 (2156 turns).

scottley the Sneak (Spriggan Brigand)               Turns: 2156, Time: 00:19:24

Health: 23/23      AC:  3    Str:  9    XL:     4   Next: 67%
Magic:  5/5        EV: 16    Int: 12    God:
Gold:   136        SH:  0    Dex: 16    Spells: 3/3 levels left

rFire   . . .        a - +2 dagger
rCold   . . .        (no shield)
rNeg    . . .        b - +0 robe
rPois   .            (helmet restricted)
rElec   .            c - +0 cloak
rCorr   .            (gloves unavailable)
SInv    +            (boots unavailable)
Will    .....        (no amulet)
Stlth   ++++         (no ring)
HPRegen 0.23/turn    (no ring)
MPRegen 0.09/turn

%: no passive effects
@: very quick
A: very small, no large weapons, unfitting armour, see invisible, speed 3
a: no special abilities


You were on level 3 of the Dungeon.
You visited 1 branch of the dungeon, and saw 3 of its levels.

You collected 136 gold pieces.

Inventory:

Hand Weapons
 a - a +2 dagger (weapon)
Missiles
 d - 3 poisoned darts (quivered)
 e - 3 curare-tipped darts
 f - 4 boomerangs
Armour
 b - a +0 robe (worn)
 c - a +0 cloak (worn)
Jewellery
 g - a +4 ring of slaying
Scrolls
 k - a scroll of noise {unknown}
 l - 2 scrolls of identify {unknown}
Potions
 i - a potion of curing
 j - a potion of enlightenment {unknown}


   Skills:
 + Level 2.0 Fighting
 + Level 3.0 Short Blades
 + Level 3.1 Throwing
 + Level 2.3 Dodging
 + Level 7.1 Stealth


You had 3 spell levels left.
You didn't know any spells.
Your spell library contained the following spells:

 Spells                   Type           Power      Damage    Failure   Level
 Apportation              Tloc           0%         N/A       32%         1
 Necrotise                Necr           0%         1d4       32%         1
 Sting                    Conj/Alch      0%         1d3       32%         1
 Summon Small Mammal      Summ           0%         N/A       32%         1
 Call Canine Familiar     Summ           0%         N/A       69%         3
 Summon Blazeheart Golem  Fire/Summ      0%         N/A       97%         4


Dungeon Overview and Level Annotations

Branches:
Dungeon (3/15)

Altars:

Shops:
D:2 ?((

Annotations:
D:3 Sigmund


Innate Abilities, Weirdness & Mutations

You are very small and have problems with some larger weapons.
You are too small for most types of armour.
You have supernaturally acute eyesight. (SInv)
You cover ground extremely quickly. (Speed+++)


Message History

d - 7 poisoned darts (gained 1)
An orc comes into view. It is wielding a +0 hand axe.
An orc comes into view. It is wielding a +0 flail.
The orc moves out of view.
Throw: 7 darts (poison)
Press: ? - help, Q - select action, (/) - cycle Shift-Dir - straight line, f - ribbon worm
Aim: a ribbon worm (wandering, hasn't noticed you, 78% to hit)
You throw a poisoned dart. The poisoned dart hits the ribbon worm.
The ribbon worm is poisoned.
The gnoll shouts!
The orc falls through a shaft!
The shaft crumbles and collapses.
Throw: 6 darts (poison)
Press: ? - help, Q - select action, (/) - cycle Shift-Dir - straight line, f/p - ribbon worm
Aim: a ribbon worm (poisoned, 78% to hit)
You throw a poisoned dart. The poisoned dart hits the ribbon worm.
The orc shouts!
You hear a shout! x2
Throw: 5 darts (poison)
Press: ? - help, Q - select action, (/) - cycle Shift-Dir - straight line, f/p - ribbon worm
Aim: a ribbon worm (poisoned, 78% to hit)
You throw a poisoned dart. The poisoned dart hits the ribbon worm!
The ribbon worm looks even sicker.
An orc priest comes into view. It is wielding a +0 flail.
The ribbon worm expels a string of sticky webbing.
The stream of webbing hits you but does no damage.
You are caught in a web!
There is a web here.
The web tears apart.
The orc priest begins to cast a cantrip, but forgets the words!
Throw: 4 darts (poison)
Press: ? - help, Q - select action, (/) - cycle Shift-Dir - straight line, f - orc, p - ribbon worm
Aim: an orc, wielding a +0 hand axe (59% to hit)
You throw a poisoned dart. The poisoned dart hits the orc.
The orc is poisoned.
The ribbon worm expels a string of sticky webbing.
The stream of webbing hits you but does no damage.
You are caught in a web!
The web tears apart.
The orc priest begins to cast a cantrip, but forgets the words!
You feel a bit more experienced.
Are you sure you want to abandon this character and quit the game? (Confirm with "yes".)

. ......#........# ..
###....#........# ...w.
#......+..#<###.#
....#####)#....##.#.###.##
..........'....'..........
##.#.....#....##.###.#...
##########.###.#########........#
#.......... .#.####### #####+##+#
+.........##.#..@....# #......
#............#######.# +.....@
#..........#########.# #......
#..........# #.......# . #......
#..........###..o....# .. #......
.....................#.. #......
...##+########g#####..... #######
.. #.# #......##..[. . #.#
#......######


There were no monsters in sight!

Vanquished Creatures
  Terence (D:2)
  2 adders (D:2)
  2 gnolls (D:3)
  A dart slug (D:1)
  An orc (D:3)
  2 bats (D:1)
  6 endoplasms (D:1)
  A giant cockroach (D:1)
  3 hobgoblins
  4 jackals (D:2)
  7 kobolds
  2 quokkas (D:1)
  4 ball pythons
  A frilled lizard (D:1)
  4 goblins
  3 rats
44 creatures vanquished.

Notes
Turn   | Place    | Note
-------+----------+-------------------------------------------
     0 | D:1      | scottley the Spriggan Brigand began the quest for the Orb.
     0 | D:1      | Reached XP level 1. HP: 10/10 MP: 2/2
    97 | D:1      | Reached skill level 6 in Stealth
   197 | D:1      | Reached XP level 2. HP: 14/14 MP: 3/3
   609 | D:1      | Reached XP level 3. HP: 18/18 MP: 4/4
   904 | D:1      | Found a faded altar of an unknown god.
  1140 | D:2      | Found Ruinedgh's Antique Weapon Emporium.
  1166 | D:2      | Found Poli's Weapon Emporium.
  1177 | D:2      | Noticed Terence
  1195 | D:2      | Killed Terence
  1196 | D:2      | Reached XP level 4. HP: 23/23 MP: 5/5
  1925 | D:2      | Found Maugaim's Magic Scroll Shoppe.
  2021 | D:3      | Reached skill level 7 in Stealth
  2032 | D:3      | Noticed Sigmund
  2156 | D:3      | Quit the game

Illustrated notes

Levels and vault maps discovered:
D:1:      mrwooster_arrival_statue_2, layout_basic,
          hellmonk_ecumenical_altar_inner_sanctum
D:2:      layout_basic, serial_shops, shop, nicolae_shop_stone, shop,
          uniq_terence
D:3:      layout_basic, nicolae_sif_muna_condensation, uniq_sigmund

Skill      XL: |  1  2  3  4 |
---------------+-------------+-----
Stealth        | 6 7 |  7.1
Throwing       | 3 |  3.1
Dodging        | 2 |  2.3
Short Blades   | 3 |  3.0
Fighting       | 2 |  2.0

Action                     |  1- 3 |  4- 6 || total
---------------------------+-------+-------++-------
  Melee: Dagger            |    67 |    35 ||   102
  Throw: Dart              |    26 |    17 ||    43
    Use: Potion            |     1 |     1 ||     2
         Scroll            |     1 |     1 ||     2
   Stab: Sleeping          |     6 |     1 ||     7
 Armour: Robe              |    42 |     7 ||    49
  Dodge: Dodged            |    57 |    29 ||    86

Table legend: (Time is in decaauts)
 A = Elapsed time spent in this place.
 B = Non-inter-level travel time spent in this place.
 C = Inter-level travel time spent in this place.
 D = Time resting spent in this place.
 E = Time spent auto-exploring this place.
 F = Levels seen in this place.
 G = Mean time per level.
                   A        B        C        D        E       F      G
               +--------+--------+--------+--------+--------+-----+--------+
         Total |   1377 |   1358 |     19 |      3 |    589 |   3 |  459.0 |
       Dungeon |   1377 |   1358 |     19 |      3 |    589 |   3 |  459.0 |
               +--------+--------+--------+--------+--------+-----+--------+

Top non-repeatable levels by time:
     D:1: 663 daAuts
     D:2: 580 daAuts
     D:3: 133 daAuts
